Map: Prion Terraces

Players

AcerBly (Bly)

  • Race: Zerg Zerg

Apocalypse - Winner!

  • Race: Terran Terran

Event: Gauntlet LotV Series 1 Qualifier 1

VOD

Have the link to the VOD?

Description

Time

  • Played on: Nov. 22, 2015, 8:48 p.m.
  • Length: 16:50

All games in this series

Show
View Real Time Build Order
Export as new Build Order

AcerBly Zerg 

Build Orders: Hatch First 

Get SALT Encoding   

  12  0:01  Drone  
  13  0:14  Overlord  
  13  0:19  Drone  
  14  0:33  Drone x2  
  16  0:36  Drone  
  17  0:52  Hatchery  
  16  0:58  Drone x2  
  18  1:05  Extractor  
  17  1:17  Spawning Pool  
  16  1:20  Drone  
  16  1:23  Drone  
  18  1:32  Drone  
  19  1:45  Overlord  
  19  2:04  Queen  
  19  2:05  Zergling x4  
  19  2:06  Queen, Zergling x2  
  19  2:07  Metabolic Boost  
  26  2:14  Drone  
  27  2:16  Drone  
  26  2:39  Spore Crawler, Drone  
  26  2:40  Drone x2  
  27  2:45  Drone x2  
  27  2:49  Overlord  
  30  3:01  Drone x2  
  32  3:07  Overlord  
  32  3:09  Queen  
  32  3:12  Drone  
  35  3:17  Drone x4  
  35  3:19  Drone  
  40  3:24  Drone  
  40  3:25  Drone  
  41  3:30  Spore Crawler  
  40  3:34  Drone x2  
  40  3:38  Overlord  
  43  3:43  Extractor  
  42  3:52  Zergling x6  
  45  3:57  Drone x5  
  45  4:01  Roach Warren  
  49  4:07  Drone  
  49  4:08  Drone  
  51  4:12  Evolution Chamber  
  50  4:20  Drone  
  50  4:21  Drone x4  
  55  4:24  Extractor  
  55  4:29  Hatchery  
  53  4:32  Overlord  
  53  4:37  Zerg Missile Weapons Level 1  
  53  4:45  Overlord  
  53  4:47  Lair  
  53  4:48  Extractor  
  52  5:00  Zergling x16  
  52  5:02  Overlord  
  52  5:05  Overlord  
  60  5:19  Drone x2  
  60  5:25  Drone x2  
  60  5:26  Drone x5  
  65  5:31  Drone  
  66  5:35  Hatchery  
  66  5:41  Overlord  
  65  5:44  Spore Crawler  
  64  5:54  Glial Reconstitution  
  64  5:57  Evolution Chamber  
  62  6:11  Roach  
  62  6:12  Roach x5  
  62  6:15  Hatchery  
  73  6:23  Zerg Ground Armor Level 1  
  73  6:29  Drone x5  
  78  6:38  Zerg Missile Weapons Level 2  
  78  6:40  Roach x2  
  78  6:43  Overlord x3  
  78  6:45  Overlord  
  79  6:57  Overlord x3  
  79  7:03  Ravager x5  
  79  7:04  Ravager x3  
  79  7:08  Roach x2  
  90  7:17  Drone x4  
  90  7:18  Drone x4  
  98  7:24  Overlord  
  97  7:39  Overlord  
  99  7:44  Roach x9  
  99  7:45  Roach x2  
  99  7:51  Infestation Pit  
  116  8:02  Extractor  
  116  8:03  Extractor  
  114  8:10  Roach x13  
  114  8:11  Roach  
  141  8:14  Tunneling Claws  
  140  8:39  Hive  
  140  8:41  Spore Crawler, Zerg Ground Armor Level 2, Burrow  
  140  8:43  Roach x2  
  140  8:44  Roach x2  
  140  8:45  Roach  
  140  8:47  Drone x2  
  140  8:48  Drone x5  
  151  8:59  Drone x3  
  154  9:05  Overlord  
  154  9:14  Roach  
  154  9:15  Overlord, Roach x2  
  158  9:18  Overlord  
  139  9:31  Roach x3  
  139  9:32  Roach x8  
  143  9:53  Roach  
  143  9:54  Roach x5  
  155  10:13  Roach  
  155  10:20  Roach  
  155  10:21  Overlord, Roach x54  
  163  10:48  Roach  
  163  10:49  Roach x9  
  157  10:57  Roach x2  
  157  11:00  Roach x39  
  157  11:01  Queen x2  
  151  11:09  Hatchery  
  136  11:22  Roach x2  
  136  11:23  Roach  
  138  11:28  Overlord  
  133  11:39  Ravager x2  
  129  11:40  Ravager x6  
  129  11:42  Roach x19  
  129  11:46  Roach x19  
  133  11:50  Drone x2  
  133  11:53  Hatchery  
  134  12:03  Roach x4  
  134  12:04  Roach x4  
  134  12:06  Ravager x5  
  134  12:07  Ravager x2  
  141  12:15  Roach  
  137  12:24  Roach x4  
  137  12:27  Drone x5  
  137  12:28  Drone x3  
  141  12:34  Roach  
  141  12:39  Ravager x4  
  141  12:43  Infestor  
  141  12:44  Infestor  
  92  13:29  Roach x12  
  98  13:46  Roach x2  
  99  14:09  Roach x4  
  107  14:19  Roach x2  
  105  14:31  Hatchery  
  104  14:36  Hatchery  
  103  14:43  Infestor x3  
  109  14:47  Drone x2  
  111  15:02  Roach  
  111  15:03  Roach  
  111  15:16  Ravager x3  
  111  15:19  Roach  
  114  15:32  Roach x2  
  108  15:48  Roach x3  
  78  16:00  Roach  
  50  16:14  Roach  
  46  16:27  Ravager x2  
  46  16:29  Zergling x2  
Show
View Real Time Build Order
Export as new Build Order

Apocalypse Terran - Winner!

Build Orders: Reaper Expand, MMM Bio 

Get SALT Encoding   

  12  0:01  SCV  
  13  0:13  SCV  
  14  0:17  Supply Depot  
  14  0:25  SCV  
  15  0:39  SCV, Barracks  
  16  0:44  Refinery  
  16  0:51  SCV  
  17  1:03  SCV  
  18  1:15  SCV  
  19  1:27  Orbital Command  
  19  1:29  Reaper  
  20  1:40  Command Center  
  20  1:47  Refinery  
  20  1:53  SCV  
  21  1:58  Supply Depot  
  21  2:05  SCV  
  21  2:07  Barracks Reactor  
  22  2:17  Bunker  
  22  2:18  SCV  
  23  2:24  Factory  
  23  2:30  SCV  
  24  2:42  SCV  
  25  2:44  Marine  
  25  2:45  Marine  
  27  2:52  Orbital Command  
  27  2:54  SCV  
  28  3:03  Marine x2  
  30  3:06  SCV  
  30  3:09  Factory Tech Lab  
  30  3:10  Starport  
  31  3:18  SCV  
  32  3:23  SCV, Supply Depot  
  33  3:28  Marine x2  
  33  3:30  SCV  
  35  3:35  SCV  
  35  3:37  Cyclone  
  39  3:42  SCV  
  39  3:44  Supply Depot  
  39  3:47  SCV  
  41  3:49  Marine x2  
  41  3:52  Medivac  
  45  3:58  SCV  
  45  3:59  SCV  
  45  4:01  Supply Depot  
  47  4:06  Marine  
  47  4:07  Marine  
  52  4:10  SCV, Siege Tank  
  52  4:12  SCV  
  52  4:13  Liberator  
  52  4:16  Supply Depot  
  54  4:23  SCV  
  55  4:24  Marine x2  
  60  4:31  SCV  
  60  4:35  SCV  
  62  4:41  Command Center  
  62  4:44  SCV  
  63  4:46  Siege Tank  
  63  4:49  SCV  
  67  4:53  Refinery  
  67  4:54  Refinery  
  67  4:59  SCV  
  68  5:00  Supply Depot  
  68  5:04  SCV  
  68  5:06  Supply Depot  
  69  5:08  Barracks Tech Lab  
  68  5:23  SCV  
  68  5:25  SCV  
  68  5:32  Stimpack, Marine  
  68  5:33  Engineering Bay x2  
  68  5:35  SCV  
  70  5:37  Siege Tank  
  70  5:42  SCV  
  74  5:48  Barracks x2  
  74  5:49  SCV, Barracks, Starport Reactor  
  75  5:51  Barracks  
  75  5:52  Marauder  
  75  5:54  SCV  
  75  5:55  Orbital Command  
  78  6:01  SCV  
  78  6:04  Terran Infantry Weapons Level 1  
  79  6:05  Terran Infantry Armor Level 1  
  79  6:06  SCV  
  80  6:14  Orbital Command  
  80  6:16  Siege Tank  
  83  6:20  SCV  
  83  6:25  SCV  
  85  6:26  Supply Depot  
  85  6:27  Supply Depot, Medivac, Marauder  
  89  6:33  SCV  
  89  6:36  Barracks Reactor x2  
  89  6:37  SCV  
  89  6:49  Barracks Reactor, Marine x2  
  89  6:50  Marauder  
  89  6:52  SCV x2  
  89  6:54  SCV  
  96  6:56  Refinery  
  96  6:57  Bunker  
  96  6:58  Refinery  
  96  7:03  Factory Reactor  
  96  7:04  SCV x2  
  96  7:06  SCV  
  96  7:08  Medivac  
  101  7:12  Marine  
  101  7:15  Medivac  
  104  7:16  SCV x2  
  104  7:18  SCV  
  104  7:20  Supply Depot, Armory  
  107  7:25  Supply Depot  
  107  7:28  SCV  
  107  7:29  SCV  
  108  7:31  SCV  
  108  7:33  Marauder, Marine x6  
  117  7:38  Medivac  
  117  7:40  Supply Depot, SCV  
  117  7:41  SCV  
  121  7:46  Marine x2  
  121  7:47  Combat Shields  
  121  7:50  Medivac  
  121  7:51  Marine  
  126  7:54  Marine x2  
  126  7:55  Marauder, Widow Mine x2  
  134  8:08  Medivac, Marine x5  
  141  8:14  Marine  
  141  8:16  Terran Infantry Armor Level 2, Terran Infantry Weapons Level 2, Marauder  
  141  8:18  Barracks  
  141  8:19  Terran Ship Weapons Level 1  
  144  8:21  Barracks x2  
  144  8:28  Marine  
  144  8:30  Marine  
  144  8:31  Marine x2  
  144  8:32  Marine  
  149  8:38  Marine, Widow Mine x2  
  149  8:39  Command Center, Marine, Marauder  
  149  8:40  Supply Depot x2  
  157  8:51  Marine  
  157  9:01  Marauder, Marine x6  
  165  9:04  Marine x2  
  165  9:09  Marine  
  168  9:14  Marine  
  168  9:15  Barracks Tech Lab  
  168  9:16  Medivac x2  
  173  9:19  Marine x2  
  173  9:23  Marauder x2  
  165  9:25  Marine x2  
  165  9:28  Marine  
  165  9:30  Marine x2  
  170  9:33  Barracks Tech Lab, Marine x2  
  170  9:37  Marine  
  173  9:39  Marine  
  173  9:44  Marauder x2  
  170  9:47  Marine x3  
  170  9:48  Marine  
  170  9:49  Marine  
  170  9:50  Marine  
  170  9:51  Marauder  
  174  9:54  Marine x2  
  174  9:56  Widow Mine x2  
  174  9:57  Marine  
  180  10:01  Supply Depot x2  
  180  10:04  Marine, Medivac  
  180  10:05  Marauder, Marine  
  180  10:06  Marauder  
  188  10:17  Marine x3  
  188  10:22  Marine x4  
  188  10:24  Marine x3  
  188  10:26  Marine  
  188  10:27  Marauder  
  198  10:34  Planetary Fortress  
  198  10:35  Marine x2  
  200  10:42  Marauder  
  188  10:44  Missile Turret  
  188  10:45  Command Center  
  147  11:03  Marine x2  
  133  11:04  Marine  
  133  11:06  Marauder, Marine x3  
  133  11:07  Orbital Command  
  133  11:09  Marine x2  
  133  11:10  Marauder, Marine  
  124  11:12  Medivac  
  124  11:16  Marine  
  127  11:20  Marine  
  127  11:21  Marine  
  127  11:22  Marine  
  127  11:24  Medivac  
  127  11:28  Marauder x2, Marine x2  
  127  11:29  Marine x3  
  127  11:31  Terran Infantry Weapons Level 3, Terran Infantry Armor Level 3, Marauder  
  137  11:34  Marauder  
  137  11:38  Marine x2  
  134  11:40  Marine  
  134  11:45  Marine  
  136  11:49  Marauder  
  136  11:50  Missile Turret, Liberator x2  
  136  11:53  Marine x2  
  140  11:56  Marauder, Widow Mine x2, Marine x3  
  140  11:57  Marauder  
  140  11:58  Missile Turret  
  151  12:02  Terran Ship Weapons Level 2  
  157  12:09  Marauder, Marine x2  
  157  12:10  Marine  
  162  12:25  Marine  
  162  12:29  Missile Turret  
  155  12:32  Marine  
  155  12:36  Marine x2  
  155  12:37  Marauder  
  160  12:38  Marine  
  160  12:39  Marauder x3, Widow Mine x2, Marine x3  
  174  12:44  Starport  
  174  12:46  Liberator  
  174  12:47  Liberator  
  174  12:59  Marine  
  174  13:00  Marauder, Marine  
  151  13:26  Marine  
  150  13:28  Marine  
  150  13:30  Marine  
  141  13:34  Marine x3  
  141  13:35  Marauder x2  
  141  13:36  Concussive Shells, Starport Reactor  
  148  13:43  Marine x3  
  148  13:44  Marauder  
  153  13:50  Marine  
  150  13:55  Liberator  
  150  13:56  Liberator x2  
  150  13:58  Command Center, Marine  
  151  14:07  Marine x2  
  151  14:08  Marauder  
  160  14:18  Marine  
  160  14:20  Marine  
  160  14:22  Marine  
  163  14:42  Marine x2  
  165  14:53  Orbital Command  
  165  14:59  Missile Turret  
  164  15:00  Missile Turret  
  164  15:05  Marine x2  
  161  15:09  Planetary Fortress  
  161  15:12  Marine x2  
  161  15:13  Marine  
  162  15:24  Marine x2  
  162  15:25  Marauder, Marine x3  
  166  15:30  Marine x4  
  166  15:31  Marine  
  166  15:32  Marine  
  170  15:36  Liberator  
  170  15:42  Marine x2  
  165  15:49  Marine x3  
  159  15:50  Marauder x2  
  159  15:55  Marine x2  
  159  15:56  Marauder  
  164  16:01  Marine x2  
  164  16:02  Marauder  
  162  16:14  Marine x3  
  163  16:24  Marine  
  162  16:26  Marine x2  
  162  16:27  Marauder  
  162  16:31  Marine  
Tags
 
Add a new tag
Caveats
  • Supply blocks, unpowered buildings, or Contaminate may cause inaccurate times.
  • Supply counts are checked every 10 seconds.